 Dungeon Crawl Stone Soup version 0.19.1 (webtiles) character file.

119 Melicamp the Bolt Thrower (level 5, -2/30 HPs)
             Began as a Kobold Hunter on Nov 27, 2016.
             Killed by divine providence
             ... invoked by an orc priest
              (10 damage)
             ... on level 3 of the Dungeon.
             The game lasted 00:06:23 (2468 turns).

Melicamp the Bolt Thrower (Kobold Hunter)           Turns: 2468, Time: 00:06:23

Health: -2/30      AC:  4    Str: 10    XL:     5   Next: 23%
Magic:  5/5        EV: 15    Int: 12    God:
Gold:   127        SH:  0    Dex: 16    Spells: 0 memorised, 4 levels left

rFire  . . .     SeeInvis .     a - +1 hand crossbow
rCold  . . .     Gourm    .     c - +1 leather armour
rNeg   . . .     Faith    .     (shield restricted)
rPois  .         Spirit   .     (no helmet)
rElec  .         Reflect  .     (no cloak)
rCorr  .         Harm     .     (no gloves)
MR     .....                    (no boots)
Stlth  ++........               (no amulet)
                                (no ring)
                                (no ring)

@: no status effects
A: carnivore 3
a: no special abilities


You were on level 3 of the Dungeon.
You were completely stuffed.

You visited 1 branch of the dungeon, and saw 3 of its levels.

You collected 127 gold pieces.

Inventory:

Hand Weapons
 a - a +1 hand crossbow (weapon)
 b - a +0 short sword
 e - a +0 hunting sling
Missiles
 d - 31 bolts (quivered)
 h - 67 stones
Armour
 c - a +1 leather armour (worn)
Scrolls
 g - a scroll of recharging
Potions
 l - a potion of brilliance {unknown}
 m - a potion of degeneration {unknown}
 n - a potion of might {unknown}
Comestibles
 f - 2 meat rations
 i - 2 royal jellies
 j - 2 slices of pizza
 k - 8 chunks of flesh


   Skills:
 - Level 2.1 Fighting
 * Level 7.4 Crossbows
 - Level 2.4 Dodging
 - Level 1.3 Stealth


You had 4 spell levels left.
You didn't know any spells.

Dungeon Overview and Level Annotations

Branches:
Dungeon (3/15)

Altars:
Ashenzari
Cheibriados
Kikubaaqudgha
Okawaru
Xom


Innate Abilities, Weirdness & Mutations

You are small and have problems with some larger weapons.
You are carnivorous and can eat meat at any time.


Message History

Aim: an orc priest You shoot a bolt.
The bolt barely misses the orc priest.
The orc priest hits you.
* * * LOW HITPOINT WARNING * * *
You are too injured to fight recklessly!
You are too injured to fight recklessly!
You are too injured to fight recklessly!
Firing (i - inventory. (,) - cycle):
d - 33 bolts (quivered)
Press: ? - help, Shift-Dir - straight line, f/p - orc priest
Aim: an orc priest You shoot a bolt.
The bolt barely misses the orc priest.
The orc priest barely misses you.
Firing (i - inventory. (,) - cycle):
d - 32 bolts (quivered)
Press: ? - help, Shift-Dir - straight line, f/p - orc priest
Aim: an orc priest You shoot a bolt.
The bolt hits the orc priest!
The orc priest is severely wounded.
The orc priest calls down the wrath of Beogh upon you.
Beogh smites you!
You die...

......###................
#..... .....#
#......>..##### ##....
.....####..........# ##...
(.((r.o.####.<####.# #...
o..o###.r.#...# #.## #... .
###.....# #..## #...
##...## ##..########...
...##..#######.............
#..(...((o@................
#.....######.##.##.........
#............#...#.........
#.....####...............).
#.....# #....._...........
#.....# #...........######
#..... #...#...#..(#
#)..##.##...# ###........##


You could see an orc priest.

Vanquished Creatures
  Terence (D:2)
  2 adders
  An ooze (D:2)
  3 dart slugs (D:1)
  2 leopard geckos
  4 orcs (D:3)
  3 giant cockroaches (D:1)
  6 hobgoblins
  7 jackals
  2 quokkas
  6 bats
  3 frilled lizards
  6 goblins
  4 kobolds
  3 rats
53 creatures vanquished.

Notes
Turn   | Place    | Note
-------+----------+-------------------------------------------
     0 | D:1      | Melicamp the Kobold Hunter began the quest for the Orb.
     0 | D:1      | Reached XP level 1. HP: 12/12 MP: 1/1
   138 | D:1      | Reached skill level 5 in Crossbows
   152 | D:1      | Reached XP level 2. HP: 17/17 MP: 2/2
   238 | D:1      | Found a snail-covered altar of Cheibriados.
   865 | D:1      | Reached XP level 3. HP: 20/21 MP: 3/3
   894 | D:1      | Reached skill level 6 in Crossbows
  1450 | D:2      | Reached XP level 4. HP: 26/26 MP: 4/4
  1861 | D:2      | Found a shattered altar of Ashenzari.
  1865 | D:2      | Saw a vision of the Shoals and the Spider Nest.
  1865 | D:2      | Noticed a redback
  1865 | D:2      | Noticed a redback
  1865 | D:2      | Noticed a redback
  1865 | D:2      | Noticed a redback
  1865 | D:2      | Noticed a sea snake
  1865 | D:2      | Noticed a hippogriff
  1865 | D:2      | Noticed a merfolk
  1866 | D:2      | Noticed a merfolk
  1866 | D:2      | Noticed a merfolk
  1868 | D:2      | Noticed a wolf spider
  1983 | D:2      | Noticed Terence
  1986 | D:2      | Killed Terence
  1986 | D:2      | Reached skill level 7 in Crossbows
  2184 | D:3      | Reached XP level 5. HP: 20/30 MP: 5/5
  2195 | D:3      | Found a shimmering altar of Xom.
  2195 | D:3      | Found an ancient bone altar of Kikubaaqudgha.
  2383 | D:3      | Found an iron altar of Okawaru.
  2468 | D:3      | Killed from afar by an orc priest

Skill      XL: |  1  2  3  4 |
---------------+-------------+-----
Crossbows      | 5 6 7 |  7.4
Fighting       | |  2.1
Dodging        | |  2.4
Stealth        | |  1.3

Action                   |  1- 3 |  4- 6 || total
-------------------------+-------+-------++-------
Melee: Short sword       |       |    13 ||    13
 Fire: Hand crossbow     |    72 |    62 ||   134
       Hunting sling     |     9 |       ||     9
  Use: Scroll            |     4 |     2 ||     6
  Eat: Chunk             |    10 |     3 ||    13
Armor: Leather armour    |    16 |     8 ||    24
Dodge: Dodged            |    37 |    19 ||    56
